 Dungeon Crawl Stone Soup version 0.29.0-4-gdea44cf6ec (webtiles) character file.

Game seed: 3287518147619424252

18 Flugkiller the Covered (level 2, 27/27 HPs)
             Began as a Minotaur Fighter on Aug 26, 2022.
             Quit the game on level 2 of the Dungeon.
             The game lasted 00:02:21 (413 turns).

Flugkiller the Covered (Minotaur Fighter)            Turns: 413, Time: 00:02:22

Health: 27/27      AC:  7    Str: 20    XL:     2   Next: 51%
Magic:  1/1        EV:  9    Int:  5    God:
Gold:   17         SH:  4    Dex:  9    Spells: 1/1 levels left

rFire   . . .      SeeInvis .   a - +0 war axe
rCold   . . .      Faith    .   c - +0 buckler
rNeg    . . .      Spirit   .   b - +0 scale mail
rPois   .          Reflect  .   (helmet restricted)
rElec   .          Harm     .   (no cloak)
rCorr   .          Rampage  .   (no gloves)
Will    .....                   (no boots)
Stlth   ..........              (no amulet)
HPRegen 0.09/turn               (no ring)
MPRegen 0.07/turn               (no ring)

@: no status effects
A: horns 2, retaliatory headbutt
a: no special abilities


You were on level 2 of the Dungeon.
You visited 1 branch of the dungeon, and saw 2 of its levels.

You collected 17 gold pieces.

Inventory:

Hand Weapons
 a - a +0 war axe (weapon)
Armour
 b - a +0 scale mail (worn)
 c - a +0 buckler (worn)
Scrolls
 e - a scroll of identify {unknown}
Potions
 d - a potion of might
 f - a potion of attraction {unknown}


   Skills:
 + Level 3.9 Fighting
 + Level 2.9 Axes
 + Level 3.9 Armour
 + Level 3.9 Shields


You had one spell level left.
You didn't know any spells.
Your spell library was empty.

Dungeon Overview and Level Annotations

Branches:
Dungeon (2/15)

Altars:


Innate Abilities, Weirdness & Mutations

You have a pair of horns on your head.
You reflexively headbutt those who attack you in melee.


Message History

You barely miss the rat. You block the rat's attack.
You hit the rat but do no damage. The rat barely misses you.
You slash the rat!
You kill the rat!
No target in view!
No target in view!
No target in view!
e - a scroll labelled HEIBRA BESHUE
f - a pink potion A hobgoblin comes into view.
Found 8 gold pieces.
You see here a rat corpse.
A dart slug comes into view.
The hobgoblin barely misses you. You furiously retaliate!
You headbutt the hobgoblin. You closely miss the hobgoblin.
The hobgoblin is moderately wounded.
You block the hobgoblin's attack.
You hit the hobgoblin but do no damage. Your headbutt misses the hobgoblin.
The hobgoblin is moderately wounded.
The hobgoblin hits you but does no damage.
You block the hobgoblin's attack.
You closely miss the hobgoblin. You headbutt the hobgoblin.
You kill the hobgoblin!
The dart slug launches a dart at you. You block the slug dart.
You see here a hobgoblin corpse.
You hit the dart slug.
The dart slug is lightly wounded.
The dart slug barely misses you. You furiously retaliate!
You headbutt the dart slug. You slash the dart slug!
You kill the dart slug!
No target in view!
No target in view!
No target in view!
You now have 17 gold pieces (gained 8).
A kobold comes into view. It is wielding a +0 dagger.
The kobold shouts!
A kobold is nearby!
A ball python comes into view.
Found a ring mail.
A sourceless malevolence fills the Dungeon...
You fall into a shaft and drop 1 floor!
The shaft crumbles and collapses.
No target in view!
Found a hand axe.
Found a stone staircase leading up.
Found a chain mail.
An endoplasm comes into view.
The endoplasm quivers.
An endoplasm is nearby!
The endoplasm barely misses you. You furiously retaliate!
You headbutt the endoplasm!
You kill the endoplasm!
No target in view!
No target in view!
No target in view!
No target in view!
No target in view!
No target in view!
No target in view!
There is a stone staircase leading up here.
You climb upwards.
There is a stone staircase leading down here.
There is an open door here.
(D) Dungeon
Where to? (? - help)
There is an open door here.
There is a stone staircase leading down here.
You climb downwards.
There is a stone staircase leading up here.
There is a stone staircase leading up here.
Found 6 poisoned darts.
Found a stone staircase leading down.
A kobold comes into view. It is wielding a +0 dagger.
The kobold shouts!
A kobold is nearby!
A kobold is nearby!
Sorry, you're not good enough to have a special ability.
Sorry, you're not good enough to have a special ability.
You hit the kobold.
The kobold is moderately wounded.
The kobold barely misses you.
You barely miss the kobold. The kobold closely misses you.
The kobold hits you but does no damage.
You barely miss the kobold. Your headbutt misses the kobold.
The kobold hits you but does no damage.
You barely miss the kobold. Your headbutt misses the kobold.
You block the kobold's attack. The kobold closely misses you.
You furiously retaliate!
You headbutt the kobold!
You kill the kobold!
No target in view!
No target in view!
No target in view!
No target in view!
Sorry, you're not good enough to have a special ability.
Sorry, you're not good enough to have a special ability.
Unknown command.
Are you sure you want to abandon this character and quit the game? (Confirm with "yes".)

.# .# # ###.###.##
#......... #........#.
#####........#.###
..............>).#
...........# #@####
###....##### #....######
.......# ####......#
.##.######### # #..###.#
#........)##.# #....#.#
######.......#####.#...#
#.##.##.#..(....###
#.##....#.#...#.#
#.#...#.#.#.....#


There were no monsters in sight!

Vanquished Creatures
  2 dart slugs (D:1)
  2 endoplasms
  A goblin (D:1)
  3 hobgoblins (D:1)
  A quokka (D:1)
  A bat (D:1)
  A frilled lizard (D:1)
  A kobold (D:2)
  2 rats (D:1)
14 creatures vanquished.

Notes
Turn   | Place    | Note
-------+----------+-------------------------------------------
     0 | D:1      | Flugkiller the Minotaur Fighter began the quest for the
                  | Orb.
     0 | D:1      | Reached XP level 1. HP: 19/19 MP: 0/0
    49 | D:1      | Reached XP level 2. HP: 9/27 MP: 1/1
   328 | D:1      | You fall into a shaft and drop 1 floor!
   413 | D:2      | Quit the game

Illustrated notes

Levels and vault maps discovered:
D:1:      elethiomel_arrival_shortcut, layout_rooms
D:2:      layout_basic

Action                   || total
-------------------------++-------
Melee: War axe           ||    34
       Headbutt          ||     2
Throw: Throwing net      ||     1
Armor: Scale mail        ||    24
Dodge: Dodged            ||    23
Block: Buckler           ||    13
